 Dungeon Crawl Stone Soup version 0.21.1-1-g345015f (webtiles) character file.

36 letownia2 the Conjurer (level 3, 0/19 HPs)
             Began as a Tengu Wizard on Mar 4, 2018.
             Succumbed to an adder's poison
             ... on level 3 of the Dungeon.
             The game lasted 00:03:20 (592 turns).

letownia2 the Conjurer (Tengu Wizard)                Turns: 592, Time: 00:03:21

Health: 0/19       AC:  3    Str:  7    XL:     3   Next: 37%
Magic:  8/8        EV: 11    Int: 21    God:
Gold:   50         SH:  0    Dex: 12    Spells: 2/8 levels left

rFire    . . .     SeeInvis .   a - +0 dagger (venom)
rCold    . . .     Gourm    .   (no shield)
rNeg     . . .     Faith    .   n - +0 leather armour
rPois    .         Spirit   .   b - +0 hat
rElec    .         Reflect  .   (no cloak)
rCorr    .         Harm     .   (no gloves)
MR       .....                  (boots unavailable)
Stlth    ++........             (no amulet)
HPRegen  0.06/turn              h - +2 ring of intelligence
MPRegen  0.11/turn              (no ring)

@: lethally poisoned (0 -> -6)
A: beak, talons 3
a: no special abilities


You were on level 3 of the Dungeon.
You were not hungry.

You visited 1 branch of the dungeon, and saw 3 of its levels.

You collected 50 gold pieces.

Inventory:

Hand Weapons
 a - a +0 dagger of venom (weapon)
 f - a +0 dagger
 g - a +0 whip
Armour
 b - a +0 hat (worn)
 k - a +0 robe
 n - a +0 leather armour (worn)
Jewellery
 h - a +2 ring of intelligence (left hand)
Scrolls
 i - a scroll of fog {unknown}
 j - a scroll of remove curse {unknown}
Potions
 l - a potion of heal wounds {unknown}
 m - a potion of brilliance {unknown}
Books
 c - a book of Minor Magic

   Spells                             Type                      Level
   a - Magic Dart                     Conjuration                  1
   b - Blink                          Translocation                2
   c - Call Imp                       Summoning                    2
   d - Slow                           Hexes                        2
   e - Conjure Flame                  Conjuration/Fire             3
   f - Mephitic Cloud                 Conjuration/Poison/Air       3
Comestibles
 d - a ration


   Skills:
 - Level 2.1 Dodging
 - Level 2.0 Stealth
 - Level 3.1 Spellcasting
 + Level 3.8 Conjurations
 - Level 1.2 Summonings
   Level 0.7 Translocations
 + Level 1.0 Air Magic


You had 2 spell levels left.
You knew the following spells:

 Your Spells              Type           Power        Failure   Level  Hunger
a - Magic Dart            Conj           ###.         4%          1    None
e - Mephitic Cloud        Conj/Pois/Air  ##......     30%         3    ###....
i - Call Imp              Summ           #.......     19%         2    ##.....


Dungeon Overview and Level Annotations

Branches:
Dungeon (3/15)

Altars:

Portals:
Sewer: D:3

Annotations:
D:2 Terence


Innate Abilities, Weirdness & Mutations

You have a beak for a mouth.
You have claws for feet.


Message History

Aiming: Magic Dart
Press: ? - help, Shift-Dir - straight line, f/p - adder
Aim: an adder (heavily wounded)
The magic dart hits the adder.
You kill the adder!
Your Air Magic skill increases to level 1!
Casting: Magic Dart
Confirm with . or Enter, or press ? or * to list all spells.
Aiming: Magic Dart
Press: ? - help, Shift-Dir - straight line, f - adder
Aim: an adder The magic dart hits the adder.
The adder is moderately wounded.
The adder bites you.
* * * LOW HITPOINT WARNING * * *
You are lethally poisoned!
The adder poisons you!
Unknown command.
It was a potion of magic.
Magic courses through your body.
You die...

...# #.. . ##.#
.## ##..## ...
#....# ##.# #<...#
... #....# #.##
#....######†..###.
###...@S.......S..
#.......†#...#..
#........≈≈≈≈≈..
#....†.#≈≈≈≈≈≈≈#
#.......≈≈≈≈≈≈≈≈
#...(...≈≈≈∩≈≈≈.
#.......≈≈≈≈≈≈≈.
######.#≈≈≈≈≈≈≈#
#...≈≈≈≈≈..


You could see an adder.

Vanquished Creatures
  An adder (D:3)
  2 worms (D:3)
  A leopard gecko (D:2)
  4 giant cockroaches
  3 hobgoblins
  2 bats
  2 goblins
  3 kobolds
  2 rats
20 creatures vanquished.

Notes
Turn   | Place    | Note
-------+----------+-------------------------------------------
     0 | D:1      | letownia2 the Tengu Wizard began the quest for the Orb.
     0 | D:1      | Reached XP level 1. HP: 10/10 MP: 5/5
   173 | D:2      | Reached XP level 2. HP: 6/15 MP: 1/7
   234 | D:2      | Learned a level 2 spell: Call Imp
   322 | D:2      | Noticed Terence
   549 | D:3      | Found a glowing drain.
   566 | D:3      | Reached XP level 3. HP: 11/19 MP: 8/8
   571 | D:3      | Learned a level 3 spell: Mephitic Cloud
   590 | D:3      | Reached skill level 1 in Air Magic
   592 | D:3      | Succumbed to an adder's poison

Skill      XL: |  1  2  3 |
---------------+----------+-----
Conjurations   | 2 3 |  3.8
Air Magic      | 1 |  1.0
Dodging        | |  2.1
Stealth        | |  2.0
Spellcasting   | |  3.1
Summonings     | |  1.2
Translocations | |  0.7

Action                   || total
-------------------------++-------
Melee: Dagger            ||    28
       Kick              ||     6
       Peck              ||     4
 Cast: Magic Dart        ||    34
       Mephitic Cloud    ||     1
  Use: Potion            ||     1
 Stab: Sleeping          ||     1
Armor: Robe              ||     9
       Leather armour    ||     4
Dodge: Dodged            ||    23
